 Dungeon Crawl Stone Soup version 0.31-a0-246-g8cbcc1cb85 (webtiles) character file.

Game seed: 7424396228468582702

1840 Monkooky the Eye of the Storm (level 8, 0/33 HPs)
             Began as a Felid Shapeshifter on July 12, 2023.
             Was a Priest of Qazlal.
             Slain by a vampire (11 damage)
             ... on level 8 of the Dungeon.
             The game lasted 00:14:44 (5991 turns).

Monkooky the Eye of the Storm (Felid Shapeshifter)  Turns: 5991, Time: 00:14:45

Health: 0/33       AC:  2    Str: 19    XL:     8   Next: 87%
Magic:  15/15      EV: 18    Int: 10    God:    Qazlal [***...]
Gold:   477        SH:  9    Dex: 18    Spells: 12/15 levels left
                                        Lives:  0   Deaths: 2

rFire   . .          .
                       - Unarmed
rCold   . . .        (shield unavailable)
rNeg    . . .        (body armour unavailable)
rPois   +            (helmet unavailable)
rElec   .            (cloak unavailable)
rCorr   .            (gloves unavailable)
SInv    +            (boots unavailable)
Will    +....        B - amulet of reflection
Stlth   +            l - +6 ring of strength
HPRegen 0.25/turn    y - ring of poison resistance
MPRegen 0.14/turn

%: reflection
@: beast-form, quick
A: beast (slay +4), very small, claws 1, fangs 3, see invisible, speed 1, shaggy
fur 2, stealthy paws, no weapons or thrown items, no armour, multi-lived
a: Renounce Religion, Upheaval, Elemental Force


You were on level 8 of the Dungeon.
You worshipped Qazlal.
Qazlal was most pleased with you.
You were a hulking beast.
You visited 1 branch of the dungeon, and saw 8 of its levels.

You collected 477 gold pieces.

Inventory:

Jewellery
 l - a +6 ring of strength (left paw)
 y - a ring of poison resistance (right paw)
 B - an amulet of reflection (around neck)
Talismans
 b - a beast talisman
Wands
 A - a wand of iceblast (7)
 C - a wand of paralysis (3)
Scrolls
 c - 2 scrolls of blinking {unknown}
 e - 2 scrolls of vulnerability {unknown}
 f - a scroll of brand weapon {unknown}
 h - a scroll of silence
 j - a scroll of teleportation
 p - 2 scrolls of fog
 q - 2 scrolls of amnesia {unknown}
 s - a scroll of enchant weapon {unknown}
 u - a scroll of acquirement {unknown}
 w - a scroll of noise {unknown}
 x - 4 scrolls of revelation {unknown}
 z - 3 scrolls of immolation {unknown}
Potions
 d - a potion of mutation {unknown}
 g - 2 potions of degeneration {unknown}
 i - a potion of cancellation
 k - a potion of might
 n - 2 potions of berserk rage
 o - a potion of brilliance {unknown}
 r - 2 potions of curing {unknown}
 t - a potion of magic {unknown}
 v - 2 potions of attraction {unknown}


   Skills:
 * Level 2.0 Fighting
 + Level 3.3 Dodging
 + Level 6.0 Unarmed Combat
 - Level 4.4 Spellcasting
 - Level 6.0 Translocations
 - Level 6.3 Air Magic
 - Level 6.5 Invocations
 - Level 6.4 Shapeshifting


You had 12 spell levels left.
You knew the following spells:

 Your Spells              Type           Power      Damage    Failure   Level
a - Vhi's Electric Charg  Tloc/Air       28%        N/A       5%          3

Your spell library contained the following spells:

 Spells                   Type           Power      Damage    Failure   Level
 Arcjolt                  Conj/Air       4%         1d14      88%         5
 Maxwell's Capacitive Co  Air            7%         ∞         100%        8


Dungeon Overview and Level Annotations

Branches:
Dungeon (8/15)             Temple (0/1) D:4
   Lair: D:8-11

Altars:
Nemelex Xobeh
Qazlal
Trog

Shops:
D:6 (

Annotations:
D:3 exclusion: downstairs
D:6 exclusion: 2 downstairs


Innate Abilities, Weirdness & Mutations

You are a hulking beast.
Your limbs bulge with bestial killing power. (Slay +4)
You have sharp claws.
You have razor-sharp teeth.
You have supernaturally acute eyesight. (SInv)
You cover ground quickly. (Speed+)
You are covered in thick fur. (AC +2)
Your paws help you pounce on unaware monsters.
You are incapable of wielding weapons or throwing items.
You cannot wear armour.
You gain extra lives every three experience levels.


Message History

The boulder beetle looks as sick as possible!
The boulder beetle is engulfed in poison gas.
The boulder beetle looks as sick as possible!
The boulder beetle is engulfed in poison gas.
The boulder beetle looks as sick as possible!
The boulder beetle is engulfed in poison gas.
The boulder beetle looks as sick as possible!
The boulder beetle is engulfed in poison gas.
The boulder beetle looks as sick as possible!
You block the boulder beetle's attack.
The boulder beetle stops rolling and uncurls.
Unknown command.
The boulder beetle is engulfed in poison gas.
The boulder beetle looks as sick as possible!
The boulder beetle is engulfed in poison gas.
The boulder beetle looks as sick as possible!
You kill the boulder beetle!
Qazlal accepts your kill.
Your Spellcasting skill increases to level 4!
Your Air Magic skill increases to level 6!
Magic restored.
Done exploring.
(D) Dungeon (T) Temple
Where to? (Enter - D:8, ? - help)
There is a stone staircase leading down, spattered with blood here.
You see here the felid corpse of Monkooky.
You climb downwards.
The vampire completely misses you. The vampire bites you!
The vampire draws strength from your injuries!
There is a stone staircase leading up, spattered with blood here.
You see here 3 large rocks.
You scratch the vampire.
The vampire is lightly damaged.
The vampire closely misses you. The vampire misses you.
You barely miss the vampire.
The vampire is lightly damaged.
The vampire hits you. The vampire barely misses you.
You scratch the vampire but do no damage.
The vampire is lightly damaged.
The vampire hits you! The vampire bites you!
You die...

#)#.# #[#(##
#..))# #[#...°#
#.##..## #$# ### #
#.#
...##[####V#####.#
......(..h°.......
..#####(.°....####
.......)##.#
##.##...# .#
.......... #
######.###.. ..#
.## #### #


You could see a vampire.

Vanquished Creatures
  A boulder beetle (D:7)
  2 cyclopes (D:8)
  Maggie (D:7)
  A shadow (D:7)
  Menkaure (D:7)
  2 sky beasts
  A black bear (D:6)
  An orc warrior (D:4)
  2 ogres
  A centaur (D:6)
  A kobold brigand (D:8)
  2 gnoll sergeants (D:5)
  2 bullfrogs (D:7)
  8 hounds (D:5)
  A jelly (D:6)
  4 orc priests
  4 gnoll boudas
  6 iguanas
  5 orc wizards
  24 gnolls
  3 adders
  A shadow imp (D:6)
  4 worms
  4 dart slugs
  29 orcs
  A bat (D:1)
  8 endoplasms
  3 giant cockroaches (D:2)
  8 goblins
  11 hobgoblins
  7 jackals (D:5)
  9 kobolds
  3 quokkas
  7 ball pythons
  2 frilled lizards (D:1)
  2 rats (D:1)
172 creatures vanquished.

Vanquished Creatures (collateral kills)
  Grinder (D:6)
  2 gnolls (D:6)
3 creatures vanquished.

Grand Total: 175 creatures vanquished

Notes
Turn   | Place    | Note
-------+----------+-------------------------------------------
     0 | D:1      | Monkooky the Felid Shapeshifter began the quest for the
                  | Orb.
     0 | D:1      | Reached XP level 1. HP: 9/9 MP: 2/2
    33 | D:1      | Found a faded altar of an unknown god.
    40 | D:1      | Reached XP level 2. HP: 11/13 MP: 3/3
    50 | D:1      | Prayed at the altar of an unknown god.
    50 | D:1      | Became a worshipper of Qazlal Stormbringer
    50 | D:1      | Reached * piety under Qazlal
   679 | D:2      | Reached XP level 3. HP: 15/16 MP: 4/4
   910 | D:2      | Found a sparkling altar of Nemelex Xobeh.
  1167 | D:3      | Reached ** piety under Qazlal
  1359 | D:3      | Reached XP level 4. HP: 19/19 MP: 5/5
  1654 | D:4      | Reached skill level 5 in Unarmed Combat
  1654 | D:4      | Noticed an orc warrior
  1717 | D:4      | Reached XP level 5. HP: 9/22 MP: 6/6
  2036 | D:4      | Found a staircase to the Ecumenical Temple.
  2062 | D:4      | Reached skill level 1 in Invocations
  2062 | D:4      | Gained mutation: You are covered in thick fur. (AC +2)
                  | [Felid growth]
  2062 | D:4      | Reached XP level 6. HP: 24/26 MP: 7/7
  2674 | D:5      | Entered Level 5 of the Dungeon
  2681 | D:5      | Reached *** piety under Qazlal
  2763 | D:5      | Reached XP level 7. HP: 19/30 MP: 9/11
  2854 | D:5      | Reached skill level 5 in Invocations
  3597 | D:5      | Reached XP level 8. HP: 33/33 MP: 13/13
  3775 | D:5      | Reached **** piety under Qazlal
  4010 | D:5      | Reached skill level 5 in Shapeshifting
  4432 | D:6      | Learned a level 3 spell: Vhi's Electric Charge
  4452 | D:6      | Noticed Grinder
  4521 | D:6      | Paralysed by Grinder for 5 turns
  4524 | D:6      | Killed Grinder
  4525 | D:6      | Reached skill level 5 in Translocations
  4657 | D:6      | Found Rycushao's Antique Weapon Boutique.
  5092 | D:7      | Reached skill level 1 in Spellcasting
  5092 | D:7      | Reached skill level 1 in Air Magic
  5092 | D:7      | Reached XP level 9. HP: 36/36 MP: 14/14
  5434 | D:7      | Noticed Menkaure
  5435 | D:7      | Noticed Maggie
  5555 | D:7      | Killed Menkaure
  5585 | D:7      | Slain by Maggie
  5586 | D:7      | Reached XP level 8. HP: -2/49 MP: 11/13
  5643 | D:7      | Found a bloodstained altar of Trog.
  5847 | D:8      | Noticed a cyclops
  5856 | D:8      | Killed a cyclops
  5871 | D:8      | Noticed a cyclops
  5878 | D:8      | Noticed a boulder beetle
  5879 | D:8      | Killed a cyclops
  5880 | D:8      | Reached skill level 5 in Air Magic
  5880 | D:8      | Reached XP level 9. HP: 22/36 MP: 7/15
  5898 | D:7      | Demolished by a boulder beetle
  5899 | D:7      | Reached XP level 8. HP: -18/33 MP: 5/14
  5910 | D:7      | Killed Maggie
  5955 | D:7      | Killed a boulder beetle
  5991 | D:8      | Slain by a vampire

Illustrated notes

Levels and vault maps discovered:
D:1:      dpeg_arrival_rhombus, layout_basic,
          shapermc_ecumenical_altar_starsandcircs
D:2:      layout_rooms, basic_altar
D:3:      layout_basic, minmay_gold_behind_fungi
D:4:      layout_basic, minmay_temple_entry_antechambers, st_stairs_5
D:5:      layout_cave_pools, serial_gnoll_camp, gnoll_camp_huts_basic,
          gnoll_camp_mini_doghouse, gnoll_camp_mini_hut,
          gnoll_camp_mini_doghouse, ebering_dispersal_statue_hall, st_stairs_8
D:6:      nicolae_cairo_tiling_large_dashed, layout_basic, serial_rivers,
          chequers_serial_rivers_small_a, chequers_serial_rivers_large_b,
          chequers_serial_rivers_small_b, chequers_serial_rivers_small_a,
          chequers_serial_rivers_room_b, chequers_serial_rivers_micro_d,
          serial_shops, shop, uniq_grinder
D:7:      layout_basic, trog_hazing_becter, uniq_menkaure, uniq_maggie
D:8:      minmay_the_grid_plus [minmay_the_grid_tree, minmay_the_grid_fan,
          minmay_the_grid_dragon_a, minmay_the_grid_pillar_ring,
          minmay_the_grid_prize_big_room], layout_basic

Skill      XL: |  1  2  3  4  5  6  7  8  9 |
---------------+----------------------------+-----
Unarmed Combat | 3 4 5 6 |  6.0
Dodging        | 3 |  3.3
Invocations    | 1 4 6 |  6.5
Shapeshifting  | 6 |  6.4
Translocations | 6 |  6.0
Spellcasting   | 4 2 |  4.4
Air Magic      | 6 3 |  6.3
Fighting       | |  2.0

Action                     |  1- 3 |  4- 6 |  7- 9 || total
---------------------------+-------+-------+-------++-------
  Melee: Unarmed           |    62 |    99 |   230 ||   391
         Bite              |     8 |    15 |    38 ||    61
         Punch             |     1 |     1 |    11 ||    13
   Cast: Vhi's Electric Ch |       |       |     5 ||     5
 Invoke: Upheaval          |       |       |     2 ||     2
         Elemental Force   |       |       |     2 ||     2
    Use: Scroll            |       |     3 |     5 ||     8
         Potion            |       |       |     3 ||     3
 Armour: Skin              |       |     1 |    10 ||    11
  Dodge: Dodged            |    23 |    61 |   135 ||   219
  Block: Other             |     3 |     5 |    39 ||    47
         Reflection        |       |       |     3 ||     3

Table legend: (Time is in decaauts)
 A = Elapsed time spent in this place.
 B = Non-inter-level travel time spent in this place.
 C = Inter-level travel time spent in this place.
 D = Time resting spent in this place.
 E = Time spent auto-exploring this place.
 F = Levels seen in this place.
 G = Mean time per level.
                   A        B        C        D        E       F      G
               +--------+--------+--------+--------+--------+-----+--------+
         Total |   5169 |   4879 |    290 |    708 |   3000 |   8 |  646.1 |
       Dungeon |   5169 |   4879 |    290 |    708 |   3000 |   8 |  646.1 |
               +--------+--------+--------+--------+--------+-----+--------+

Top non-repeatable levels by time:
     D:4: 1179 daAuts
     D:6: 926 daAuts
     D:5: 901 daAuts
     D:3: 635 daAuts
     D:7: 621 daAuts
     D:1: 534 daAuts
     D:2: 310 daAuts
     D:8: 61 daAuts
